 Dungeon Crawl Stone Soup version 0.25-a0-279-g53730b6a6f (webtiles) character file.

Game seed: 13657264603534794939, levelgen mode: deterministic

51 MoonlitKnight the Poker (level 3, 0/28 HPs)
             Began as a Merfolk Gladiator on Dec 10, 2019.
             Slain by a gnoll
             ... wielding a +0 halberd
              (10 damage)
             ... on level 2 of the Dungeon.
             The game lasted 00:02:23 (1323 turns).

MoonlitKnight the Poker (Merfolk Gladiator)         Turns: 1323, Time: 00:02:24

Health: 0/28       AC:  4    Str: 15    XL:     3   Next: 81%
Magic:  3/3        EV: 14    Int:  7    God:
Gold:   30         SH:  0    Dex: 15    Spells: 2/2 levels left

rFire    . . .     SeeInvis .   a - +0 trident
rCold    . . .     Gourm    .   (no shield)
rNeg     . . .     Faith    .   b - +0 leather armour
rPois    +         Spirit   .   c - +0 helmet
rElec    .         Reflect  .   (no cloak)
rCorr    .         Harm     +   (no gloves)
MR       .....                  (no boots)
Stlth    +.........             i - amulet of harm
HPRegen  0.09/turn              g - ring of poison resistance
MPRegen  0.08/turn              (no ring)

@: no status effects
A: change form in water, swift swim, stealthy swim
a: no special abilities


You were on level 2 of the Dungeon.
You were not hungry.

You visited 1 branch of the dungeon, and saw 2 of its levels.

You collected 30 gold pieces.

Inventory:

Hand Weapons
 a - a +0 trident (weapon)
Missiles
 d - 2 throwing nets
 h - 2 poisoned darts (quivered)
Armour
 b - a +0 leather armour (worn)
 c - a +0 helmet (worn)
Jewellery
 g - a ring of poison resistance (left hand)
 i - an amulet of harm (around neck)
Scrolls
 e - 2 scrolls of remove curse {unknown}
 l - a scroll of enchant armour {unknown}
 n - a scroll of teleportation {unknown}
 p - a scroll of identify {unknown}
Potions
 k - a potion of curing {unknown}
 m - a potion of berserk rage {unknown}
 o - a potion of brilliance {unknown}
Comestibles
 f - 2 rations
 j - 7 chunks of flesh


   Skills:
 + Level 2.9 Fighting
 + Level 5.1 Polearms
 + Level 2.6 Throwing
 + Level 4.6 Dodging


You had 2 spell levels left.
You didn't know any spells.
Your spell library was empty.

Dungeon Overview and Level Annotations

Branches:
Dungeon (2/15)

Altars:


Message History

You are too injured to fight recklessly!
You are too injured to fight recklessly!
Evoke which item? (* to show all) (? for menu, Esc to quit)
Attack whom?
Press: ? - help, Dir - move target cursor, f/p - gnoll
Aim: a gnoll, wielding a +0 halberd You reach to attack!
The gnoll shouts!
You hit the gnoll.
The gnoll is heavily wounded.
You hear an angry hiss.
The gnoll hits you from afar with a +0 halberd.
Evoke which item? (* to show all) (? for menu, Esc to quit)
Attack whom?
Press: ? - help, Dir - move target cursor, f/p - gnoll
Aim: a gnoll, wielding a +0 halberd (heavily wounded)
You reach to attack!
You completely miss the gnoll.
The gnoll is heavily wounded.
The gnoll hits you from afar with a +0 halberd!
You die...

#...# K.# g.. #...# ..##.g
#<..# #.... #...# .g. #...#
#K# ##.## #g# #.## #g# #..##
#.# #...# ##@## ##..### #...#
#....# #.#.# ####.##.#.#
##.#.## ..........# #..#..#
.........## ##.###.##
..........###..# #..###
..>....####...##.##...####
...#####....###...###....#####


You could see 3 gnolls and a kobold.

Vanquished Creatures
  An adder (D:2)
  A worm (D:2)
  A dart slug (D:1)
  2 leopard geckos (D:1)
  A ball python (D:1)
  5 bats (D:1)
  6 giant cockroaches (D:1)
  4 hobgoblins (D:1)
  A quokka (D:2)
  4 frilled lizards
  2 goblins (D:1)
  3 kobolds (D:1)
  2 rats (D:1)
33 creatures vanquished.

Notes
Turn   | Place    | Note
-------+----------+-------------------------------------------
     0 | D:1      | MoonlitKnight the Merfolk Gladiator began the quest for the
                  | Orb.
     0 | D:1      | Reached XP level 1. HP: 16/16 MP: 1/1
    76 | D:1      | Reached XP level 2. HP: 23/23 MP: 2/2
   798 | D:1      | Reached XP level 3. HP: 28/28 MP: 3/3
  1101 | D:1      | Reached skill level 5 in Polearms
  1323 | D:2      | Slain by a gnoll

Levels and vault maps discovered:
D:1:      lightli_arrival_chessboard, layout_basic, serial_bayou_pond_a,
          minmay_worlds_worst_comb
D:2:      minmay_general_purpose_star, layout_rooms, first_ration,
          minmay_misc_feat_diagonals, minmay_pentomino_pile

Skill      XL: |  1  2  3 |
---------------+----------+-----
Polearms       | 5 |  5.1
Fighting       | |  2.9
Throwing       | |  2.6
Dodging        | |  4.6

Action                   || total
-------------------------++-------
Melee: Trident           ||   110
Throw: Dart              ||     2
       Throwing net      ||     1
 Stab: Sleeping          ||     3
  Eat: Chunk             ||     1
Armor: Leather armour    ||    25
Dodge: Dodged            ||    86

Table legend:
 A = Non-vault XP
 B = Vault XP
 C = Vault XP percentage of total XP
 D = Non-vault monster count
 E = Vault monster count
 F = Vault count percentage of total count
                 A         B        C        D         E       F
            +---------+---------+-------+---------+---------+-------
      Total |      60 |      13 |  17.8 |      28 |       5 |  15.2
            +---------+---------+-------+---------+---------+-------
        D:1 |      43 |       8 |  15.7 |      24 |       4 |  14.3
        D:2 |      17 |       5 |  22.7 |       4 |       1 |  20.0
            +---------+---------+-------+---------+---------+-------
